 Dungeon Sprint DCSS version 0.19-a0-1827-g174f941 (webtiles) character file.

48066 Theye the Dwarven Blade (level 14, -18/147 HPs)
             Began as a Deep Dwarf Fighter on Oct 7, 2016.
             Was the Champion of Makhleb.
             Demolished by a stone giant simulacrum (32 damage)
             ... animated by a necromancer
             ... in the Dungeon (Sprint IX: "|||||||||||||||||||||||||||||").
             The game lasted 00:08:40 (2122 turns).

Theye the Dwarven Blade (Deep Dwarf Fighter)        Turns: 2122, Time: 00:08:41

Health: -18/147    AC: 27    Str: 19    XL:     14   Next: 10%
Magic:  34/34      EV: 12    Int: 16    God:    Makhleb [******]
Gold:   1382       SH: 10    Dex: 26    Spells: 0 memorised, 13 levels left

rFire  + . .     SeeInvis .     q - +5 scimitar (flame)
rCold  . . .     Gourm    .     b - +3 plate armour {MR+}
rNeg   + . .     Faith    .     y - +0 buckler "Satanel" {Dex+7} (curse)
rPois  .         Spirit   .     B - +3 hat of Pondering {ponderous, MR+ MP+10 Int+5}
rElec  .         Dismiss  .     (no cloak)
rCorr  .         Reflect  .     r - +0 pair of gloves
MR     ++++.     Harm     .     E - +1 pair of boots
Stlth  .......... NoTele   +    (no amulet)
                                C - ring of protection from fire
                                v - +3 ring of dexterity

@: non-regenerating, slow
A: damage resistance, recharge devices, negative energy resistance 1, sense
surroundings 2, slow regeneration 3
a: Device Recharging, Minor Destruction, Lesser Servant of Makhleb, Major
Destruction, Greater Servant of Makhleb, Renounce Religion


You were in the Dungeon.
You worshipped Makhleb.
Makhleb was exalted by your worship.
You were not hungry.

You visited 1 branch You collected 1936 gold pieces.
You spent 554 gold pieces at shops.

Inventory:

Hand Weapons
 a - a +0 long sword
 q - a +5 scimitar of flaming (weapon)
 A - a +2 eveningstar of venom
Armour
 b - a +3 plate armour of magic resistance (worn)
 c - a +0 shield
 k - a +1 helmet
 r - a +0 pair of gloves (worn)
 y - the cursed +0 buckler "Satanel" (worn) {Dex+7}
   (You bought it in a shop in the Dungeon)

   It affects your dexterity (+7).
   It has a curse placed upon it.
 B - the +3 hat of Pondering (worn) {ponderous, MR+ MP+10 Int+5}
   (You took it off Gastronok in the Dungeon)

   It affects your intelligence (+5).
   It affects your resistance to hostile enchantments.
   It affects your magic capacity (+10).
 E - a +1 pair of boots (worn)
Jewellery
 u - a +3 ring of intelligence
 v - a +3 ring of dexterity (left hand)
 z - an uncursed ring of flight
 C - a ring of protection from fire (right hand)
 D - an uncursed ring of protection from magic
Wands
 e - a wand of heal wounds (1/9)
 p - a wand of iceblast (3/15)
Scrolls
 l - 5 scrolls of blinking
 m - 4 scrolls of identify
 n - 6 scrolls of remove curse
 o - 2 scrolls of amnesia
 x - 2 scrolls of enchant armour
Potions
 g - 6 potions of curing
 h - a potion of brilliance
 i - a potion of might
 j - 4 potions of magic
 s - 3 potions of agility
 t - a potion of berserk rage
Comestibles
 d - 40 fruits
 f - 13 bread rations
 w - 11 meat rations


   Skills:
 + Level 15.0 Fighting
 * Level 22.4 Long Blades
 + Level 16.2 Armour
 + Level 7.0 Dodging
 + Level 16.6 Shields
 + Level 2.5 Invocations
 - Level 18.0 Evocations


You had 13 spell levels left.
You didn't know any spells.

Dungeon Overview and Level Annotations

Branches:
Dungeon (1/1)

Altars:
Cheibriados
Dithmenos
Elyvilon
Fedhas
Gozag
Hepliaklqana
Kikubaaqudgha
Makhleb
Nemelex Xobeh
Okawaru
Qazlal
Ru
Sif Muna
Trog
Uskayaw
Vehumet
Xom
Yredelemnul
Zin
The Shining One
Beogh
Jiyva
Lugonu

Shops:
D *[%?


Innate Abilities, Weirdness & Mutations

You are resistant to damage.
You can recharge devices by infusing magical energy.
You resist negative energy. (rN+)
You passively map the area around you.
You do not regenerate.


Message History

Zapping:
e - a wand of heal wounds (2/9)
Press: ? - help, Shift-Dir - straight line, f - you You feel much better.
This wand has 1 charge left.
You block the human's attack.
The stone giant simulacrum hits you but does no damage.
Unknown command.
Unknown command.
You slash the stone giant simulacrum!
You melt the stone giant simulacrum.
The stone giant simulacrum is heavily damaged.
You block the human's attack.
Unknown command.
You slash the stone giant simulacrum!
You melt the stone giant simulacrum.
The stone giant simulacrum is severely damaged.
The human barely misses you.
You riposte.
You slash the human! You burn the human!
The human is heavily wounded.
The stone giant simulacrum hits you!!
* * * LOW HITPOINT WARNING * * *
The stone giant simulacrum freezes you!!
You die...

......'=.=..))))))))..[[[[[[[....
▓▓▓▓▓▓▓▓▓▓▓▓▓▓▓▓▓▓▓▓▓▓▓▓▓▓▓▓▓▓▓▓▓
........)))..)†..................
▓▓▓▓▓▓▓▓▓▓▓▓♣♣♣♣♣♣♣♣♣♣▓▓▓▓▓▓▓▓▓▓▓
............)†........'†))))†.†.'
▓▓▓▓▓▓▓▓▓▓▓▓♣♣♣♣♣♣♣♣♣♣▓▓▓▓▓▓▓▓▓▓▓
.................................
▓▓▓▓▓▓▓▓▓▓▓▓▓▓▓▓▓▓▓▓▓▓▓▓▓▓▓▓▓▓▓▓▓
.............('Z@pCL.cCi
▓▓▓▓▓▓▓▓▓▓▓▓▓▓▓▓▓▓▓▓▓▓▓▓ * * ,, ,
, ,, * * * ** ** *** * , , , , ,
, , , , ,, * * * * ,,, , , , , ,
* ** * ** * * *** , ,, , , , , ,


You could see a stone giant, a lich, an ettin, a spriggan berserker, a yaktaur,
a human and a stone giant simulacrum.

Vanquished Creatures
  Saint Roka (D)
  Gastronok (D)
  Donald (D)
  A nagaraja (D)
  A frost giant (D)
  An emperor scorpion (D)
  A ghost moth (D)
  A stone giant (D)
  A dire elephant (D)
  A merfolk impaler (D)
  Erolcha (D)
  2 naga warriors (D)
  4 hydras (D)
  2 ogre magi (D)
  A merfolk aquamancer (D)
  3 alligators (D)
  2 deep troll earth magi (D)
  A naga sharpshooter (D)
  A vampire mage (D)
  An iron troll (D)
  An unseen horror (D)
  6 deep trolls (D)
  2 hill giants (D)
  A spriggan druid (D)
  2 orc knights (D)
  2 swamp dragons (D)
  A necromancer (D)
  A wolf spider (D)
  An ugly thing (D)
  4 manticores (D)
  A mana viper (D)
  A siren (D)
  Maurice (D)
  8 elephants (D)
  3 black mambas (D)
  4 spiny frogs (D)
  A naga mage (D)
  A komodo dragon (D)
  A merfolk (D)
  3 jumping spiders (D)
  5 trolls (D)
  A snapping turtle (D)
  A blink frog (D)
  2 slime creatures (D)
  A water elemental (D)
  A redback (D)
  2 tarantellas (D)
  A yak (D)
  A vampire mosquito (D)
  A warg (D)
  A mottled dragon (D)
  A naga (D)
  14 orc warriors (D)
  4 porcupines (D)
  An ogre (D)
  A wolf (D)
  A centaur (D)
  A bullfrog (D)
  A howler monkey (D)
  5 orc priests (D)
  An orc wizard (D)
  An adder (D)
  2 shadow imps (D)
  An adder zombie (D)
  An adder skeleton (D)
  A worm (D)
  An adder simulacrum (D)
  A dart slug (D)
  A leopard gecko (D)
  11 orcs (D)
  A bat (D)
  A giant cockroach (D)
  A ball python skeleton (D)
  A bat simulacrum (D)
  A jackal skeleton (D)
  A quokka zombie (D)
  2 rats (D)
148 creatures vanquished.

Vanquished Creatures (others)
  A ghost crab (shapeshifter) (D)
  A soldier ant (D)
2 creatures vanquished.

Grand Total: 150 creatures vanquished

Notes
Turn   | Place    | Note
-------+----------+-------------------------------------------
     0 | D        | Theye the Deep Dwarf Fighter began the quest for the Orb.
     0 | D        | Reached XP level 1. HP: 20/20 MP: 1/1
     4 | D        | Reached skill level 1 in Evocations
    25 | D        | Reached XP level 2. HP: 28/28 MP: 3/3
    31 | D        | Reached skill level 3 in Long Blades
    50 | D        | Found a roughly hewn altar of Beogh.
    50 | D        | Found a snail-covered altar of Cheibriados.
    50 | D        | Found a shadowy altar of Dithmenos.
    50 | D        | Found a white marble altar of Elyvilon.
    50 | D        | Found a blossoming altar of Fedhas.
    50 | D        | Found an opulent altar of Gozag.
    51 | D        | Found a hazy altar of Hepliaklqana.
    52 | D        | Found a viscous altar of Jiyva.
    53 | D        | Found an ancient bone altar of Kikubaaqudgha.
    54 | D        | Found a corrupted altar of Lugonu.
    55 | D        | Found a burning altar of Makhleb.
    56 | D        | Found a sparkling altar of Nemelex Xobeh.
    57 | D        | Found an iron altar of Okawaru.
    58 | D        | Found a stormy altar of Qazlal.
    59 | D        | Found a sacrificial altar of Ru.
    60 | D        | Found a deep blue altar of Sif Muna.
    61 | D        | Found a bloodstained altar of Trog.
    62 | D        | Found a hide-covered altar of Uskayaw.
    63 | D        | Became a worshipper of Makhleb the Destroyer
    64 | D        | Found a radiant altar of Vehumet.
    65 | D        | Found a shimmering altar of Xom.
    66 | D        | Found a basalt altar of Yredelemnul.
    67 | D        | Found a glowing silver altar of Zin.
    68 | D        | Found a glowing golden altar of the Shining One.
   119 | D        | Noticed an ogre
   119 | D        | Noticed a howler monkey
   119 | D        | Noticed a centaur
   119 | D        | Noticed a troll
   121 | D        | Reached skill level 4 in Long Blades
   121 | D        | Reached XP level 3. HP: 34/34 MP: 5/5
   125 | D        | Killed an ogre
   125 | D        | Reached skill level 6 in Long Blades
   125 | D        | Reached skill level 5 in Shields
   125 | D        | Reached skill level 5 in Evocations
   125 | D        | Reached XP level 4. HP: 39/45 MP: 5/7
   129 | D        | Reached * piety under Makhleb
   129 | D        | Reached skill level 5 in Armour
   129 | D        | Reached XP level 5. HP: 45/51 MP: 5/9
   132 | D        | Killed a centaur
   132 | D        | Reached skill level 5 in Fighting
   132 | D        | Reached skill level 7 in Long Blades
   132 | D        | Reached skill level 1 in Dodging
   135 | D        | Killed a troll
   135 | D        | Reached skill level 9 in Long Blades
   135 | D        | Reached XP level 6. HP: 61/61 MP: 5/11
   138 | D        | Reached ** piety under Makhleb
   179 | D        | Noticed a hill giant
   179 | D        | Noticed a ghost crab
   179 | D        | Noticed a soldier ant
   179 | D        | Noticed a manticore
   179 | D        | Noticed an orc warrior
   181 | D        | Noticed a spectral anaconda
   187 | D        | Killed a hill giant
   187 | D        | Reached skill level 11 in Long Blades
   187 | D        | Reached XP level 7. HP: 40/69 MP: 11/13
   194 | D        | Killed a ghost crab
   194 | D        | Reached skill level 12 in Long Blades
   194 | D        | Reached XP level 8. HP: 27/78 MP: 11/15
   202 | D        | Killed a manticore
   202 | D        | Reached skill level 13 in Long Blades
   214 | D        | Reached *** piety under Makhleb
   214 | D        | Reached skill level 10 in Evocations
   347 | D        | Noticed a komodo dragon
   347 | D        | Noticed a six-headed hydra
   347 | D        | Noticed a spiny frog
   350 | D        | Noticed a blink frog
   350 | D        | Gained mutation: You passively map the area around you. [Deep Dwarf growth]
   350 | D        | Reached XP level 9. HP: 86/86 MP: 16/16
   355 | D        | Killed a komodo dragon
   359 | D        | Killed a two-headed hydra
   359 | D        | Reached skill level 14 in Long Blades
   363 | D        | Reached **** piety under Makhleb
   364 | D        | Noticed a black mamba
   369 | D        | Killed a spiny frog
   369 | D        | Reached skill level 15 in Long Blades
   369 | D        | Reached skill level 10 in Shields
   378 | D        | Killed a black mamba
   383 | D        | Reached ***** piety under Makhleb
   383 | D        | Reached XP level 10. HP: 94/96 MP: 18/18
   413 | D        | Noticed a spiny frog
   413 | D        | Noticed a spiny frog
   413 | D        | Noticed a spiny frog
   416 | D        | Noticed an elephant
   419 | D        | Killed a spiny frog
   424 | D        | Killed a spiny frog
   429 | D        | Reached skill level 16 in Long Blades
   430 | D        | Noticed a six-headed hydra
   433 | D        | Noticed a seven-headed hydra
   441 | D        | Killed a spiny frog
   451 | D        | Killed an elephant
   456 | D        | Killed a two-headed hydra
   466 | D        | Killed a one-headed hydra
   466 | D        | Reached ****** piety under Makhleb
   466 | D        | Reached skill level 10 in Armour
   502 | D        | Noticed an elephant
   502 | D        | Noticed an elephant
   502 | D        | Noticed an elephant
   502 | D        | Noticed an elephant
   502 | D        | Noticed an elephant
   502 | D        | Noticed an elephant
   503 | D        | Noticed a dire elephant
   507 | D        | Killed an elephant
   520 | D        | Killed an elephant
   520 | D        | Reached skill level 17 in Long Blades
   526 | D        | Noticed an elephant
   526 | D        | Killed an elephant
   526 | D        | Reached XP level 11. HP: 63/106 MP: 19/21
   549 | D        | HP: 4/106 [dire elephant (23)]
   558 | D        | Killed a dire elephant
   732 | D        | Reached skill level 10 in Fighting
   732 | D        | Reached skill level 5 in Dodging
   774 | D        | Noticed an orc knight
   776 | D        | Noticed an orc knight
   789 | D        | Killed an orc knight
   811 | D        | Killed an orc knight
   825 | D        | Reached skill level 18 in Long Blades
   861 | D        | Found Esoef's Assorted Antiques.
   861 | D        | Noticed an iron troll
   861 | D        | Noticed a deep troll
   861 | D        | Noticed a deep troll
   861 | D        | Noticed an ogre mage
   862 | D        | Noticed a hill giant
   869 | D        | Noticed a deep troll
   919 | D        | Killed an iron troll
   929 | D        | Killed a deep troll
   929 | D        | Reached skill level 1 in Invocations
   929 | D        | Reached skill level 15 in Evocations
   941 | D        | Killed a deep troll
   952 | D        | Killed a hill giant
   953 | D        | Found Rucunyu's Armour Shoppe.
   958 | D        | Killed a deep troll
   967 | D        | Killed an ogre mage
   967 | D        | Reached XP level 12. HP: 120/120 MP: 20/20
   974 | D        | Found Keihy's Food Emporium.
   977 | D        | Found Umerhyer's Magic Scroll Shoppe.
  1045 | D        | Bought a scroll of recharging for 95 gold pieces
  1045 | D        | Bought a scroll of blinking for 75 gold pieces
  1064 | D        | Bought the cursed +0 buckler "Satanel" {Dex+7} for 232 gold pieces
  1077 | D        | Bought a shiny peridot ring for 95 gold pieces
  1077 | D        | Bought a scroll labeled CUVUYS RITYOSK for 19 gold pieces
  1077 | D        | Bought a scroll of identify for 38 gold pieces
  1187 | D        | Noticed Gastronok
  1202 | D        | Killed Gastronok
  1218 | D        | Noticed Maurice
  1228 | D        | Killed Maurice
  1424 | D        | Noticed a vampire mage
  1444 | D        | Reached skill level 19 in Long Blades
  1464 | D        | Killed a vampire mage
  1471 | D        | Noticed an ogre mage
  1472 | D        | Noticed a frost giant
  1481 | D        | Noticed a deep troll earth mage
  1490 | D        | Killed a frost giant
  1493 | D        | Noticed a deep troll earth mage
  1495 | D        | Killed an ogre mage
  1503 | D        | Killed a deep troll earth mage
  1524 | D        | Killed a deep troll earth mage
  1561 | D        | Noticed Erolcha
  1572 | D        | Killed Erolcha
  1608 | D        | Noticed Saint Roka
  1636 | D        | Killed Saint Roka
  1636 | D        | Reached skill level 20 in Long Blades
  1636 | D        | Reached XP level 13. HP: 43/130 MP: 22/22
  1714 | D        | Reached skill level 15 in Shields
  1757 | D        | Noticed a merfolk impaler
  1765 | D        | Reached skill level 21 in Long Blades
  1794 | D        | Killed a merfolk impaler
  1847 | D        | Noticed an emperor scorpion
  1863 | D        | Killed a ghost moth
  1863 | D        | Reached skill level 15 in Armour
  1891 | D        | Killed an emperor scorpion
  1928 | D        | Noticed a nagaraja
  1950 | D        | Reached skill level 22 in Long Blades
  1962 | D        | Killed a nagaraja
  1983 | D        | Gained mutation: You resist negative energy. (rN+) [Deep Dwarf growth]
  1983 | D        | Reached XP level 14. HP: 70/145 MP: 9/24
  2018 | D        | Noticed Donald
  2023 | D        | Killed Donald
  2093 | D        | Noticed a stone giant
  2094 | D        | Noticed a stone giant
  2109 | D        | Killed a stone giant
  2110 | D        | Noticed a lich
  2117 | D        | Reached skill level 15 in Fighting
  2122 | D        | Demolished by a stone giant simulacrum

Vault maps used:
D:        linesprint

Skill      XL: |  1  2  3  4  5  6  7  8  9 10 11 12 13 14 |
---------------+-------------------------------------------+-----
Evocations     | 1 3 5 7 8 9 10 11 13 15 17 18 | 18.0
Fighting       | 3 4 5 6 7 9 11 12 14 15 | 15.0
Shields        | 4 5 7 8 9 10 11 12 14 16 | 16.6
Long Blades    | 4 6 9 11 12 13 15 17 18 20 22 | 22.4
Armour         | 4 5 6 7 8 10 12 14 15 16 | 16.2
Dodging        | 2 3 4 5 6 7 |  7.0
Invocations    | 2 |  2.5

Action                   |  1- 3 |  4- 6 |  7- 9 | 10-12 | 13-15 || total
-------------------------+-------+-------+-------+-------+-------++-------
Melee: Long sword        |    33 |       |       |       |       ||    33
       Scimitar          |     5 |    14 |    58 |   532 |   257 ||   866
Invok: Major Destruction |       |       |       |     1 |       ||     1
 Abil: Device Recharging |       |       |       |     3 |       ||     3
Evoke: Wand              |       |       |     2 |    12 |     8 ||    22
  Use: Potion            |     1 |     5 |     1 |     3 |     2 ||    12
       Scroll            |       |       |       |     3 |     1 ||     4
 Stab: Invisible         |       |     1 |     5 |       |       ||     6
  Eat: Bread ration      |       |       |       |     1 |       ||     1
       Meat ration       |       |       |       |     1 |       ||     1
Armor: Scale mail        |    11 |       |       |       |       ||    11
       Chain mail        |     1 |     7 |    15 |    95 |       ||   118
       Plate armour      |       |       |       |    50 |   159 ||   209
Dodge: Dodged            |    10 |     4 |    20 |   101 |    77 ||   212
Block: Shield            |    16 |     8 |    29 |   185 |       ||   238
       Buckler           |       |       |       |    32 |   100 ||   132
       Rpst.: Long sword |     3 |       |       |       |       ||     3
       Scimitar          |       |     1 |     2 |    22 |    10 ||    35
